Unix NetHack Version 5.0.0-0 post-release - last build Jul 19 2026 19:10:59 (3aa4ab31751d3886436d94b585a96704892fd477,branch:main).

Game began 2026-07-21 01:27:20, ended 2026-07-21 02:03:38.

DeathOnAStick, neutral male human Tourist

                           -------------
    --------               |           |            #
    |......|              #-           |      ----------     -------
    |......|              #|           |###   |        |    #.     |
    |.......#             #|           |  ####|        |##   |     |
    |<.....|#             #---------+---    ##.        | ####+     |
    |..`.).|#             ##        #       ##|        |   # |     |
    -----.--#              #        #       ##|        |   # -------
       ###  #              #        #   ######----------  ##      ##
        )   #              #        #   #    ##############        #
      ###   #              #        #   #                          #
 -----+--   #              #        #   #                          #
 |......|   #              ##     --.--##                          #
 |..=..(|   ##              #     |   +#                           ##
 |...?..|    #      #       #     |   |         ----             ---.-
 |[.....|    #--------------#     |   |         |$h|             |  >|
 --------    #|............|#     -----         |$@|             |   |
             #.)............#      # #          ----             |   |
              --------------                                     -----
                        #
DeathOnAStick the Sightseer  St:13 Dx:12 Co:16 In:14 Wi:10 Ch:13  Neutral S:1595
Dlvl:5  $:1098 HP:0(26) Pw:17(17) AC:5  Xp:4/126 T:3362  Satiated

Latest messages:
 The dagger misses Fido2.
 You are hit by a dagger.
 Fido2 misses it.
 You hear some noises.
 Fido2 bites it.
 In what direction? j
 Something's in the way.
 "Aloha, DeathOnAStick!  Welcome again to Pakka Pakka's general store!"
 There is an open door here.
 You see here a dagger.
 y - a dagger.
 In what direction? j
 The door closes.
 You swap places with Fido2.
 You swap places with Fido.
 You see here a poisoned dart.
 What do you want to wield? [- abyz or ?*] a
 You are already wielding that!
 You miss the orc zombie.
 The orc zombie hits!
 Are you waiting to get hit?  Use 'm' prefix to force a no-op (to rest).
 You miss the orc zombie.
 The orc zombie misses!
 Are you waiting to get hit?  Use 'm' prefix to force a no-op (to rest).
 You miss the orc zombie.
 The orc zombie hits!
 You miss the orc zombie.
 You hit the orc zombie.
 You miss the orc zombie.
 The orc zombie hits!
 You hit the orc zombie.
 You hit the orc zombie.
 The orc zombie hits!
 You miss the orc zombie.
 You hit the orc zombie.
 The orc zombie hits!
 In what direction? k
 The dart hits the orc zombie.
 The orc zombie misses!
 Fido misses the orc zombie.
 You materialize in a different location!
 You see here 454 gold pieces.
 The hobbit thrusts his dagger.
 The hobbit hits!
 You die...
 Do you want your possessions identified? [ynq] (y) y
 Do you want to see your attributes? [ynq] (y) y
 Do you want an account of creatures vanquished? [ynaq] (y) y
 Do you want to see your conduct and achievements? [ynq] (y) y
 Do you want to see the dungeon overview? [ynq] (y) y

Inventory:
 Coins    ('$')
  $ - 1098 gold pieces
 Amulets  ('"')
  j - an uncursed amulet of guarding (being worn)
 Weapons  (')')
  b - 19 blessed +2 darts (at the ready)
  z - 8 +0 darts
  y - a +0 dagger
  a - 2 blessed +0 orcish daggers (wielded)
 Armor    ('[')
  A - an uncursed +0 orcish helm (being worn)
  t - an uncursed +0 leather armor (being worn)
 Comestibles  ('%')
  e - an uncursed randomfruit
  p - an uncursed clove of garlic
  d - an uncursed cream pie
  L - an uncursed orange
  G - an uncursed sprig of wolfsbane
  c - 2 uncursed tripe rations
  o - an uncursed tin of dried gnome leader meat
 Scrolls  ('?')
  r - an uncursed scroll of amnesia
  M - a cursed scroll of enchant weapon
  N - an uncursed scroll of scare monster
  u - 2 uncursed scrolls of teleportation
 Potions  ('!')
  g - 2 uncursed potions of extra healing
  U - 3 uncursed potions of healing
  w - an uncursed potion of speed
  i - a potion of holy water
 Rings    ('=')
  n - a blessed +1 ring of increase damage
 Wands    ('/')
  S - a wand of light (0:11)
 Tools    ('(')
  f - an uncursed oilskin sack containing 5 items
  x - an uncursed credit card
  v - an expensive camera (0:80)

Contents of the oilskin sack:
  9 uncursed food rations
  a magic marker (0:86)
  an uncursed amber stone
  an uncursed worthless piece of blue glass
  a cursed worthless piece of blue glass

DeathOnAStick the Tourist's attributes:

Background:
 You were a Sightseer, a level 4 male human Tourist.
 You were neutral, on a mission for The Lady
 who was opposed by Blind Io (lawful) and Offler (chaotic).
 You were left-handed.
 You were in the Dungeons of Doom, on level 5.
 You entered the dungeon 3362 turns ago.
 It was nighttime.
 You had 126 experience points, 34 more were needed to attain level 5.
 Your score was 1595 before end-of-game adjustments.

Basics:
 You had 0 out of 26 hit points.
 You had all 17 energy points (spell power).
 Your armor class was 5.
 Your wallet contained 1098 zorkmids.
 Autopickup was off.

Final Characteristics:
 Your strength was 13 (limit:18/100).
 Your dexterity was 12 (limit:18).
 Your constitution was 16 (limit:18).
 Your intelligence was 14 (limit:18).
 Your wisdom was 10 (limit:18).
 Your charisma was 13 (limit:18).

Final Status:
 You were satiated.
 You were unencumbered.
 You were wielding daggers.
 You were unskilled in dagger.

Final Attributes:
 You were piously aligned.
 You had a small defense bonus (+2).
 You were protected.
 You were fast.
 You are dead.

Miscellaneous:
 You didn't encounter any bones levels.
 Total elapsed playing time was 36 minutes and 15 seconds.

Major events:
 Turn
    1: DeathOnAStick the neutral male human Tourist entered the dungeon
 1123: attained the rank of Sightseer (level 3)
 2857: entered the Gnomish Mines
 3362: killed by a hobbit

You didn't know any spells.

Skills:
 Fighting Skills
   bare handed combat [Unskilled]
   two weapon combat  [Unskilled]
   riding             [Unskilled]
 Weapon Skills
   dagger             [Unskilled]
   knife              [Unskilled]
   axe                [Unskilled]
   pick-axe           [Unskilled]
   short sword        [Unskilled]
   broadsword         [Unskilled]
   long sword         [Unskilled]
   two-handed sword   [Unskilled]
   saber              [Unskilled]
   mace               [Unskilled]
   morning star       [Unskilled]
   flail              [Unskilled]
   hammer             [Unskilled]
   quarterstaff       [Unskilled]
   polearms           [Unskilled]
   spear              [Unskilled]
   trident            [Unskilled]
   lance              [Unskilled]
   bow                [Unskilled]
   sling              [Unskilled]
   crossbow           [Unskilled]
   dart               [Basic]
   shuriken           [Unskilled]
   boomerang          [Unskilled]
   whip               [Unskilled]
   unicorn horn       [Unskilled]
 Spellcasting Skills
   divination spells  [Unskilled]
   enchantment spells [Unskilled]
   escape spells      [Unskilled]

Voluntary challenges:
 Character rerolling was not enabled.
 You never genocided any monsters.
 You never polymorphed an object.
 You never changed form.
 You used no wishes.
Achievements:
 You entered a shop.
 You attained the rank of Sightseer.
 You entered the Gnomish Mines.

 The Dungeons of Doom: levels 1 to 5
    Level 1:
       A fountain.
    Level 2:
       A general store.
    Level 3:
       A potion shop, a fountain, a grave.
    Level 4:
       A fountain.
       Stairs down to The Gnomish Mines.
    Level 5: <- You were here.
       A general store.
       Final resting place for
          you, killed by a hobbit.
 The Gnomish Mines:
    Level 5:


Vanquished creatures:
  a shrieker
  a floating eye
  a monkey
 an orc zombie
  2 dwarf zombies
  a wererat
  a werejackal
  2 iguanas
  a coyote
  a hobbit
  a manes
  a large kobold
  a hobgoblin
  a giant rat
  a brown mold
  a green mold
  a gnome
  7 geckos
  6 jackals
  3 kobolds
  3 goblins
  4 grid bugs
  3 lichens
  a kobold zombie
  4 newts
50 creatures vanquished.

No species were genocided or became extinct.

Game over:
                       ----------
                      /          \
                     /    REST    \
                    /      IN      \
                   /     PEACE      \
                  /                  \
                  |  DeathOnAStick   |
                  |     1098 Au      |
                  |   killed by a    |
                  |      hobbit      |
                  |                  |
                  |                  |
                  |       2026       |
                 *|     *  *  *      | *
        _________)/\\_//(\/(/\)/\//\/|_)_______

Aloha DeathOnAStick the Tourist...

You died in The Dungeons of Doom on dungeon level 5 with 1515 points,
and 1098 pieces of gold, after 3362 moves.
You were level 4 with a maximum of 26 hit points when you died.

